 Dungeon Crawl Stone Soup version 0.17.1-2-g5865329 (webtiles) character file.

309 ChunderTock the Slicer (level 6, 0/37 HPs)
             Began as a Kobold Berserker on Feb 9, 2016.
             Was a Priest of Trog.
             Slain by a giant newt (1 damage)
             ... on level 4 of the Dungeon.
             The game lasted 00:12:43 (3254 turns).

ChunderTock the Slicer (Kobold Berserker)           Turns: 3254, Time: 00:12:50

Health: 0/37       AC: 11    Str: 18    XL:     6   Next: 69%
Magic:  6/6        EV:  5    Int:  5    God:    Trog [***...]
Gold:   125        SH:  8    Dex: 17    Spells: 0 memorised, 5 levels left

rFire  . . .     SeeInvis .     a - +0 short sword
rCold  . . .     Clarity  .     e - +0 plate armour
rNeg   . . .     SustAt   .     y - +0 shield
rPois  +         Gourm    .     h - +0 helmet
rElec  .         Spirit   .     (no cloak)
rCorr  .         Warding  .     (no gloves)
rMut   .         Stasis   .     (no boots)
MR     .....                    (no amulet)
Stlth  ..........               q - +2 ring of strength
                                o - ring of poison resistance

@: not resistant to hostile enchantments, extremely unstealthy
A: carnivore 3
a: Berserk, Trog's Hand, Burn Spellbooks, Renounce Religion


You were on level 4 of the Dungeon.
You worshipped Trog.
Trog was most pleased with you.
You were completely stuffed.

You visited 1 branch of the dungeon, and saw 4 of its levels.

You collected 125 gold pieces.

Inventory:

Hand Weapons
 a - a +0 short sword (weapon)
 i - a +1 flail of holy wrath
Missiles
 g - 2 needles of sleeping (quivered)
Armour
 b - a +0 animal skin
 e - a +0 plate armour (worn)
 h - a +0 helmet (worn)
 y - a +0 shield (worn)
Jewellery
 o - a ring of poison resistance (left hand)
 q - a +2 ring of strength (right hand)
 s - an uncursed ring of flight
Scrolls
 d - 7 scrolls of identify {unknown}
 j - a scroll of immolation {unknown}
 m - 2 scrolls of remove curse {unknown}
 t - a scroll of teleportation {unknown}
 u - a scroll of blinking {unknown}
 w - a scroll of recharging {unknown}
Potions
 f - 2 potions of heal wounds {unknown}
 k - 3 potions of curing {unknown}
 p - a potion of lignification {unknown}
 r - a potion of poison {unknown}
Comestibles
 c - a meat ration
 l - 3 fruits
 n - a beef jerky
 v - a royal jelly
 x - 4 chunks of flesh


   Skills:
 - Level 3.2 Fighting
 * Level 9.2 Short Blades
 - Level 1.5 Armour
 - Level 2.4 Dodging


You had 5 spell levels left.
You didn't know any spells.

Dungeon Overview and Level Annotations

Branches:
Dungeon (4/15)
 Temple: D:4-7

Altars:
Trog


Innate Abilities, Weirdness & Mutations

You are small and have problems with some larger weapons.
You are carnivorous and can eat meat at any time.


Message History

You butcher the worker ant corpse.
x - 4 chunks of flesh (gained 3)
Found a club.
You remove your ring of flight.
o - a ring of poison resistance (left hand)
A giant newt comes into view.
Found 7 gold pieces.
An ogre comes into view. It is wielding a giant club.
The ogre shouts!
You block the giant newt's attack.
An adder skeleton comes into view.
You hit the ogre but do no damage. The ogre hits you with a giant club!
The giant newt bites you but does no damage.
You puncture the ogre!
The ogre is moderately wounded.
The ogre hits you with a giant club!!
Ouch! That really hurt!
* * * LOW HITPOINT WARNING * * *
The giant newt bites you.
You die...

#.##.# #...# #.# #### #
..##<# #...# #.# #.. ..
.###.# #...########.####
#.# ## .###.#
.<..............####.####
.....#
#.#####..#.#..##.##.......
.#####
...........#........#.####
## #.....$.#.###.####.####
# ##.....O.#.###.# #.....
# h......@l......# ######
# ......)....##### #
.....##Z.### #.#......#
.....##.## .... #.. . .
###


You could see an ogre, a hound (wandering), a giant newt and an adder skeleton.

Vanquished Creatures
  An ogre (D:3)
  Ijyb (D:3)
  A giant frog skeleton (D:4)
  A worker ant (D:4)
  5 adders
  3 gnolls (D:3)
  3 worms (D:2)
  2 giant geckos (D:1)
  3 orcs (D:3)
  2 giant cockroaches (D:1)
  13 goblins
  8 hobgoblins
  6 kobolds
  2 quokkas
  5 bats
  5 giant newts
  7 rats
68 creatures vanquished.

Notes
Turn   | Place    | Note
--------------------------------------------------------------
     0 | D:1      | ChunderTock the Kobold Berserker began the quest for the Orb.
     0 | D:1      | Reached XP level 1. HP: 14/14 MP: 1/1
   415 | D:1      | Reached XP level 2. HP: 13/19 MP: 2/2
   541 | D:1      | Reached skill level 5 in Short Blades
   668 | D:1      | Reached ** piety under Trog
   793 | D:1      | Reached XP level 3. HP: 20/23 MP: 3/3
  1221 | D:2      | Reached skill level 6 in Short Blades
  1282 | D:2      | Reached XP level 4. HP: 18/28 MP: 4/4
  1943 | D:3      | Noticed an ogre
  1952 | D:3      | Killed an ogre
  1952 | D:3      | Reached skill level 7 in Short Blades
  1952 | D:3      | Reached XP level 5. HP: 32/32 MP: 5/5
  2059 | D:3      | Reached skill level 8 in Short Blades
  2080 | D:3      | Noticed Ijyb
  2093 | D:3      | Killed Ijyb
  2093 | D:3      | Reached XP level 6. HP: 37/37 MP: 6/6
  2407 | D:3      | Found a bloodstained altar of Trog.
  2446 | D:3      | Reached *** piety under Trog
  2808 | D:4      | Reached skill level 9 in Short Blades
  3254 | D:4      | HP: 1/37 [ogre/giant club (23)]
  3254 | D:4      | Slain by a giant newt

Action                   |  1- 3 |  4- 6 || total
-------------------------+-------+-------++-------
Melee: Short sword       |   151 |   192 ||   343
Invok: Berserk           |       |     2 ||     2
  Eat: Chunk             |    10 |     8 ||    18
